 Dungeon Crawl Stone Soup version 0.25-a0-253-g6f1b5d974a (webtiles) character file.

Game seed: 3599220471769989488, levelgen mode: classic

89385 Borgoz the Carver (level 15, -4/99 HPs)
             Began as a Gargoyle Fighter on Dec 6, 2019.
             Was a High Priest of Ashenzari.
             Slain by Kirke (16 damage)
             ... on level 4 of the Lair of Beasts.
             The game lasted 00:57:11 (23475 turns).

Borgoz the Carver (Gargoyle Fighter)               Turns: 23475, Time: 00:57:12

Health: -4/99      AC:  0    Str: 25    XL:     15   Next: 97%
Magic:  0/22       EV: 19    Int:  9    God:    Ashenzari [*****.]
Gold:   2160       SH:  0    Dex: 10    Spells: 23/24 levels left

rFire    . . .     SeeInvis +   (weapon currently unavailable)
rCold    . . .     Gourm    .   (shield currently unavailable)
rNeg     + . .     Faith    .   (armour currently unavailable)
rPois    ∞         Spirit   +   (helmet currently unavailable)
rElec    .         Reflect  .   (cloak currently unavailable)
rCorr    .         Harm     .   (gloves currently unavailable)
MR       +....     Clarity  +   (boots currently unavailable)
Stlth    ++........             Q - amulet of guardian spirit
HPRegen  0.26/turn              (ring currently unavailable)
MPRegen  0.18/turn              (ring currently unavailable)

@: about to teleport, pig-form, slowed
A: small, negative energy resistance 1, petrification resistance, rot immunity,
AC +11
a: Curse Item, Scrying, Transfer Knowledge, Renounce Religion


You were on level 4 of the Lair of Beasts.
You worshipped Ashenzari.
Ashenzari was extremely pleased with you.
You were not hungry.
You were a filthy swine.
You visited 3 branches of the dungeon, and saw 21 of its levels.
You also visited: Gauntlet.

You collected 2160 gold pieces.

Inventory:

Hand Weapons
 v - a +5 great sword (melded)
 K - a +3 scimitar of flaming
Missiles
 H - 2 throwing nets (quivered)
Armour
 c - a +0 shield
 h - a +2 helmet of intelligence (melded)
 k - a +0 buckler
 n - a +2 cloak of invisibility
 o - a +0 pair of gloves (melded)
 u - a +2 pair of boots (melded)
 A - the -5 hat of Dogmatism {Str+6}
   (You found it in a Gauntlet)

   It affects your strength (+6).
 E - a cursed scarf of resistance (melded)
 F - a +3 chain mail of cold resistance
 J - cursed +3 steam dragon scales (melded)
 N - a +2 chain mail of magic resistance
 U - a +2 scale mail of fire resistance
Jewellery
 e - a +4 ring of protection (melded)
 p - a +3 amulet of reflection
 y - a +4 ring of slaying (melded)
 M - an uncursed ring of protection from fire
 Q - an amulet of guardian spirit (around neck)
Wands
 b - a wand of iceblast (22)
 x - a wand of paralysis (5)
 G - a wand of clouds (1)
 I - a wand of flame (44)
 O - a wand of digging (6)
 R - a wand of disintegration (24)
 T - a wand of enslavement (7)
Scrolls
 d - a scroll of blinking
 g - 8 scrolls of remove curse
 j - 3 scrolls of identify
 q - a scroll of silence
 r - 7 scrolls of enchant armour
 t - 4 scrolls of amnesia
 w - a scroll of summoning
 z - 10 scrolls of teleportation
 B - 6 scrolls of enchant weapon
 C - a scroll of fear
 D - 2 scrolls of fog
 L - a scroll of magic mapping
Potions
 a - a potion of resistance
 i - 2 potions of cancellation
 l - 4 potions of brilliance
 m - a potion of berserk rage
 s - 2 potions of mutation
 P - a potion of agility
 S - 2 potions of curing
Comestibles
 f - 46 rations


   Skills:
 * Level 13.5 Fighting
 * Level 13.5 Long Blades
 * Level 13.5 Armour
 * Level 10.3 Dodging
 + Level 2.6 Stealth
 + Level 6.6 Shields
 - Level 5.0 Spellcasting
 - Level 5.0 Hexes
 - Level 5.0 Evocations


You had 23 spell levels left.
You knew the following spells:

 Your Spells              Type           Power        Failure   Level  Hunger
a - Confusing Touch       Hex            ##....       3%          1    #......

Your spell library contained the following spells:

 Spells                   Type           Power        Failure   Level  Hunger
 Slow                     Hex            ##......     4%          2    ##.....
 Animate Skeleton         Necr           N/A          24%         1    #......
 Apportation              Tloc           #.....       24%         1    #......
 Magic Dart               Conj           #...         24%         1    #......
 Summon Small Mammal      Summ           #...         24%         1    #......
 Blink                    Tloc           N/A          36%         2    ##.....
 Call Imp                 Summ           #.......     36%         2    ##.....
 Poisonous Vapours        Pois/Air       #.....       36%         2    ##.....
 Conjure Flame            Conj/Fire      #.......     58%         3    ###....
 Ignite Poison            Fire/Tmut/Pois #.......     58%         3    ###....
 Mephitic Cloud           Conj/Pois/Air  #.......     58%         3    ###....
 Teleport Other           Tloc           #.......     58%         3    ###....
 Leda's Liquefaction      Hex/Erth       #.........   65%         4    #####..
 Petrify                  Tmut/Erth      #.......     94%         4    #####..
 Alistair's Intoxication  Tmut/Pois      #.......     100%        5    ######.
 Irradiate                Conj/Tmut      #.........   100%        5    ######.
 Lee's Rapid Deconstruct  Erth           #.........   100%        5    ######.
 Eringya's Noxious Bog    Tmut/Pois      #.........   100%        6    #######
 Freezing Cloud           Conj/Ice/Air   #.........   100%        6    #######
 Hydra Form               Tmut           #.........   100%        6    #######
 Dragon Form              Tmut           #.........   100%        7    #######
 Ring of Flames           Chrm/Fire      #.........   100%        7    #######
 Sublimation of Blood     Necr           Unusable     N/A         2    N/A
 Statue Form              Tmut/Erth      Unusable     N/A         6    N/A

Dungeon Overview and Level Annotations

Branches:
Dungeon (15/15)            Temple (1/1) D:4            Lair (5/6) D:11
 Shoals (0/4) Lair:3       Spider (0/4) Lair:2        Slime (0/5) Lair:5
    Orc (0/2) D:11         Vaults (0/5) D:14         Depths (0/5) D:15
Gauntlet (visited)

Altars:
Ashenzari
Cheibriados
Dithmenos
Elyvilon
Fedhas
Gozag
Hepliaklqana
Kikubaaqudgha
Makhleb
Nemelex Xobeh
Okawaru
Qazlal
Ru
Sif Muna
Trog
Uskayaw
Vehumet
Wu Jian
Xom
Yredelemnul
Zin
The Shining One

Shops:
D:10 %

Portals:
Trove: D:10 (show abyssal rune of Zot)

Annotations:
Lair:4 exclusion: 3 oklob plants, Kirke


Innate Abilities, Weirdness & Mutations

You are resistant to torment.
((Your stone body is resilient. (AC +11)))
You are immune to poison.
((Your large and strong wings let you fly indefinitely.))
You resist negative energy. (rN+)
((You are resistant to electric shocks. (rElec)))
((You can survive without breathing.))
You are immune to petrification.
You are immune to rotting.


Message History

Your +4 ring of slaying melds into your body.
You feel hot and cold all over.
You feel stupid. The lindwurm bites you!!
The lindwurm claws you. x2; Kirke hits you!
You closely miss Kirke.
Kirke is heavily wounded.
The lindwurm breathes flames at you. The blast of flame misses you.
Kirke hits you!
* * * LOW HITPOINT WARNING * * *
As you read the scroll of teleportation, it crumbles to dust.
You feel strangely unstable. The lindwurm closely misses you.
The lindwurm completely misses you. The lindwurm closely misses you.
Kirke closely misses you. The lindwurm breathes flames at you.
The blast of flame hits you!!
* * * LOW HITPOINT WARNING * * *
You feel better.
Kirke splashes a potion.
Kirke hits you!
You die...

##.......####.......#.#.###
##.#.P.#.##...##.......#..
#######.......).......#..
###....#..##..8....
###....#..####...#.#
#.#...##..# #.'####
##...###..# #..##
#.k.#...## #...##
##.h@###..# #..#.##
#....##...# ##..#.##
#######..P# #.#..... #P..P#
##.#.... #...## ####... ###
###....# ####P...
#.###......###.##.... ####
#..........#..##.....
...####
###...##.......P#.....


You could see Kirke and a lindwurm.

Vanquished Creatures
  A tengu reaver (D:15)
  A storm dragon (shapeshifter) (D:15)
  A frost giant (D:15)
  An ironheart preserver (D:14)
  A minotaur (Gauntlet)
  An ettin (D:15)
  13 slime creatures
  The ghost of Suq Sot the Fighter, a journeyman DrSk of Okawaru (D:13)
  A yaktaur captain (D:15)
  6 hydras
  The ghost of Ratty the Blocker, a journeyman GnFi of Yredelemnul (Lair:1)
  8 two-headed ogres
  2 catoblepae
  8 centaur warriors
  4 tengu warriors
  2 ogre magi (D:15)
  Sonja (Lair:1)
  A deep elf knight (D:15)
  A fire crab (Gauntlet)
  3 unseen horrors
  A deep troll (D:15)
  A skeletal warrior (D:15)
  A flayed ghost (D:15)
  A phantasmal warrior (D:15)
  A wizard (D:14)
  An orc knight (D:11)
  6 ugly things
  3 wolf spiders
  7 manticores
  8 cyclopes
  A moth of wrath (shapeshifter) (D:15)
  5 centaur zombies
  A moth of wrath (Gauntlet)
  6 elephants (Lair:3)
  A black mamba (Lair:1)
  A guardian serpent (shapeshifter) (D:14)
  6 centaur skeletons
  A gargoyle (D:11)
  6 spiny frogs
  A torpor snail (Lair:4)
  A kobold demonologist (D:15)
  6 komodo dragons
  An efreet (D:15)
  4 yaktaurs
  A freezing wraith (D:15)
  A queen bee (D:11)
  A tengu conjurer (D:15)
  7 trolls
  A wolf spider simulacrum (D:14)
  A polar bear (D:13)
  3 hornets
  4 dream sheep (Lair:4)
  2 hippogriffs
  A blink frog (Lair:4)
  A meliai zombie (D:14)
  A centaur simulacrum (D:12)
  5 shadows
  2 redbacks (Gauntlet)
  2 spriggans (D:13)
  4 wraiths
  4 vampires
  4 water elementals
  4 basilisks
  3 hogs
  6 fire bats (Gauntlet)
  A human (shapeshifter) (D:15)
  A wyvern (D:12)
  31 yaks
  A hog (shapeshifter) (D:15)
  A steam dragon (D:9)
  2 hungry ghosts
  2 vampire mosquitoes (D:15)
  Edmund (D:4)
  An acid dragon (D:15)
  2 acid dragons (shapeshifter) (D:15)
  A hell hound (Gauntlet)
  10 porcupines
  8 water moccasins
  14 orc warriors
  2 phantoms (D:8)
  An eye of draining (D:15)
  2 sky beasts (D:14)
  3 black bears
  2 hornet zombies
  3 ice beasts
  6 ogres
  21 wolves
  5 crocodiles
  12 centaurs
  2 big kobolds
  23 bullfrogs
  A wyvern zombie (D:14)
  6 earth elementals (D:13)
  5 scorpions
  33 killer bees
  A howler monkey (D:4)
  16 wights
  An electric eel (D:11)
  11 crimson imps
  5 bullfrog zombies
  2 quasits
  12 hounds
  7 jellies
  2 bullfrog skeletons
  9 orc priests
  11 orc wizards
  14 worker ants
  An iguana (D:9)
  3 hound zombies
  2 hound skeletons
  2 worker ant zombies (D:11)
  11 gnolls
  14 adders
  4 shadow imps
  2 oozes
  An adder zombie (D:7)
  2 worms (D:4)
  3 dart slugs
  9 leopard geckos
  47 orcs
  4 giant cockroaches
  7 goblins
  6 hobgoblins
  13 jackals
  6 quokkas
  6 bats
  4 frilled lizards
  A jackal skeleton (D:4)
  16 kobolds
  8 rats
  3 plants (Lair:2)
656 creatures vanquished.

Vanquished Creatures (others)
  Maurice (D:10)
  A gnoll (D:10)
  5 fungi
  15 plants
22 creatures vanquished.

Grand Total: 678 creatures vanquished

Notes
Turn   | Place    | Note
-------+----------+-------------------------------------------
     0 | D:1      | Borgoz the Gargoyle Fighter began the quest for the Orb.
     0 | D:1      | Reached XP level 1. HP: 14/14 MP: 1/1
   107 | D:1      | Reached XP level 2. HP: 19/19 MP: 2/2
   512 | D:1      | Reached XP level 3. HP: 23/23 MP: 3/3
  1037 | D:2      | Reached skill level 1 in Dodging
  1052 | D:2      | Reached XP level 4. HP: 29/29 MP: 4/4
  1730 | D:3      | Reached XP level 5. HP: 33/33 MP: 5/5
  2330 | D:4      | Reached XP level 6. HP: 38/39 MP: 6/6
  2351 | D:4      | Noticed Edmund
  2363 | D:4      | Killed Edmund
  2441 | D:4      | Found a staircase to the Ecumenical Temple.
  2523 | Temple   | Entered the Ecumenical Temple
  2931 | D:4      | Found a hide-covered altar of Uskayaw.
  3215 | D:5      | Entered Level 5 of the Dungeon
  3231 | D:5      | Found a shattered altar of Ashenzari.
  3240 | D:5      | Became a worshipper of Ashenzari the Shackled
  3348 | D:5      | Found a sparkling altar of Nemelex Xobeh.
  3417 | D:5      | Reached XP level 7. HP: 44/44 MP: 7/7
  3465 | D:5      | Reached skill level 5 in Fighting
  3599 | D:5      | Reached skill level 5 in Armour
  3604 | D:5      | Found a shimmering altar of Xom.
  3797 | D:6      | Found a basalt altar of Yredelemnul.
  3838 | D:6      | Reached skill level 5 in Long Blades
  3888 | D:6      | Reached XP level 8. HP: 6/50 MP: 8/8
  4219 | D:6      | Found a bloodstained altar of Trog.
  4710 | D:6      | Found a sacrificial altar of Ru.
  4710 | D:6      | Found a stormy altar of Qazlal.
  4821 | D:6      | Reached XP level 9. HP: 52/56 MP: 9/9
  4986 | D:7      | Found a hide-covered altar of Uskayaw.
  5065 | D:7      | Reached * piety under Ashenzari
  5086 | D:7      | Found a glowing golden altar of the Shining One.
  5091 | D:7      | Found a glowing silver altar of Zin.
  5103 | D:7      | Found a white marble altar of Elyvilon.
  5138 | D:7      | Found an opulent altar of Gozag.
  6082 | D:9      | Reached XP level 10. HP: 60/63 MP: 10/10
  6085 | D:9      | Reached skill level 5 in Dodging
  6240 | D:9      | Found a radiant altar of Vehumet.
  6413 | D:9      | Found a hazy altar of Hepliaklqana.
  6424 | D:9      | Found a basalt altar of Yredelemnul.
  6634 | D:10     | Entered Level 10 of the Dungeon
  6721 | D:10     | Found a portal to a secret trove of treasure.
  6805 | D:10     | Reached ** piety under Ashenzari
  6817 | D:10     | Found Jauqeh's Food Boutique.
  6963 | D:10     | Noticed a two-headed ogre
  6995 | D:10     | Killed a two-headed ogre
  7079 | D:10     | Noticed Maurice
  7116 | D:10     | Killed Maurice
  7848 | D:11     | Noticed a gargoyle
  7863 | D:11     | Killed a gargoyle
  7863 | D:11     | Reached XP level 11. HP: 27/69 MP: 11/11
  8107 | D:11     | Noticed a four-headed hydra
  8114 | D:11     | Killed a four-headed hydra
  8125 | D:11     | Reached skill level 10 in Long Blades
  9057 | D:5      | Identified Qoval's Disquisition on the Dislocated Mountains
  9247 | D:11     | Identified the +9 mace "Zinocw" {speed, rElec}
  9361 | D:11     | Noticed an orc knight
  9362 | D:11     | Found a staircase to the Orcish Mines.
  9374 | D:11     | Killed an orc knight
  9625 | D:11     | Reached *** piety under Ashenzari
  9723 | D:11     | Found a staircase to the Lair.
  9740 | D:11     | Noticed a white ugly thing
  9741 | D:11     | Noticed a cyan ugly thing
  9755 | D:11     | Killed a green ugly thing
  9769 | D:11     | Killed a cyan ugly thing
  9777 | D:11     | Noticed a manticore
  9784 | D:11     | Killed a manticore
  9816 | D:11     | Found an opulent altar of Gozag.
  9882 | D:11     | Noticed a two-headed ogre
  9892 | D:11     | Killed a two-headed ogre
  9892 | D:11     | Reached skill level 1 in Evocations
  9938 | D:11     | Reached XP level 12. HP: 40/77 MP: 13/13
 10162 | D:11     | Reached skill level 10 in Fighting
 10165 | D:11     | Reached skill level 10 in Armour
 10617 | D:12     | Learned a level 1 spell: Confusing Touch
 11153 | D:12     | Reached skill level 1 in Spellcasting
 11241 | D:12     | Reached skill level 1 in Hexes
 12107 | D:13     | Noticed a centaur warrior
 12411 | D:13     | Killed a centaur warrior
 12490 | D:13     | Noticed a two-headed ogre
 12496 | D:13     | Killed a two-headed ogre
 12540 | D:13     | Reached XP level 13. HP: 84/84 MP: 16/16
 13584 | D:13     | Found a runed translucent door.
 13586 | D:13     | Noticed Suq Sot's ghost (journeyman DrSk)
 13587 | D:13     | Identified the +9 trident of Poipihub {drain, *Drain Dex+3}
 13725 | D:13     | Identified the cursed +2 long sword "Zeefiyt" {drain,
                  | +Blink +Fly Int+2}
 13778 | D:13     | Killed Suq Sot's ghost
 14208 | D:14     | Found a gate to the Vaults.
 14208 | D:14     | Noticed an ironheart preserver
 14242 | D:14     | Killed an ironheart preserver
 14395 | D:14     | Identified the cursed +2 morningstar "Kepeeb" {protect,
                  | Dex+2}
 14544 | D:14     | Identified the +5 spear "Iroaxkur" {speed, rC+}
 15005 | D:14     | Found a sacrificial altar of Ru.
 15129 | D:14     | Gained mutation: Your large and strong wings let you fly
                  | indefinitely. [Gargoyle growth]
 15129 | D:14     | Reached XP level 14. HP: 69/91 MP: 19/19
 15482 | D:15     | Entered Level 15 of the Dungeon
 15686 | D:15     | Reached **** piety under Ashenzari
 16418 | D:15     | Found a staircase to the Depths.
 16481 | D:15     | Found a snail-covered altar of Cheibriados.
 16482 | D:15     | Found a snail-covered altar of Cheibriados.
 16482 | D:15     | Found a shadowy altar of Dithmenos.
 16905 | D:15     | Reached skill level 5 in Evocations
 16999 | D:15     | Reached skill level 5 in Shields
 17095 | D:15     | Noticed a dire elephant
 17101 | D:15     | Noticed a storm dragon
 17101 | D:15     | a dire elephant changed into a storm dragon
 17111 | D:15     | Killed a storm dragon
 17622 | D:15     | Reached XP level 15. HP: 85/97 MP: 21/21
 17643 | D:15     | Noticed a frost giant
 17661 | D:15     | Killed a frost giant
 17710 | D:15     | Noticed a tengu reaver
 17738 | D:15     | Killed a tengu reaver
 18033 | D:15     | Reached skill level 5 in Hexes
 18599 | Lair:1   | Entered Level 1 of the Lair of Beasts
 18653 | Lair:1   | Reached skill level 5 in Spellcasting
 18754 | Lair:1   | Noticed Sonja
 19068 | Lair:1   | Found a runed translucent gate.
 19068 | Lair:1   | Found a runed translucent gate.
 19068 | Lair:1   | Found a runed translucent gate.
 19069 | Lair:1   | Noticed Ratty's ghost (journeyman GnFi)
 19437 | Lair:1   | Killed Sonja
 19607 | Lair:1   | Killed Ratty's ghost
 19607 | Lair:1   | Reached skill level 10 in Dodging
 19747 | Lair:2   | Got the cursed helmet of Agnosticism {Dex+4}
 19758 | Lair:2   | Identified the cursed -5 helmet of Agnosticism {Dex+4} (You
                  | found it on level 2 of the Lair of Beasts)
 19934 | Lair:2   | Found a hole to the Spider Nest.
 20841 | Lair:3   | Reached skill level 1 in Stealth
 20968 | Lair:3   | Reached ***** piety under Ashenzari
 21063 | Lair:3   | Found a staircase to the Shoals.
 21741 | Lair:4   | Found a hide-covered altar of Uskayaw.
 22571 | Lair:5   | Found a gate leading to a gauntlet.
 22594 | Gauntlet | Entered a Gauntlet
 22594 | Gauntlet | Found a transporter.
 22597 | Gauntlet | Found a transporter.
 22599 | Gauntlet | Found a transporter.
 22600 | Gauntlet | Found a transporter.
 22602 | Gauntlet | Found a transporter.
 22607 | Gauntlet | Identified the ring of Hamolu {Fire MR- Str+4 Dex+7}
 22608 | Gauntlet | Found a transporter.
 22619 | Gauntlet | Found a transporter.
 22620 | Gauntlet | Found a transporter.
 22640 | Gauntlet | Found a transporter.
 22660 | Gauntlet | Found a transporter.
 22662 | Gauntlet | Found a transporter.
 22670 | Gauntlet | Found a transporter.
 22738 | Gauntlet | Identified the ring of Iraat {rC+ SInv}
 22881 | Gauntlet | Got the uncursed hat of Dogmatism {Str+6}
 22896 | Gauntlet | Identified the -5 hat of Dogmatism {Str+6} (You found it in
                  | a Gauntlet)
 23092 | Lair:5   | Found a staircase to the Slime Pits.
 23203 | Lair:5   | Noticed Kirke
 23474 | Lair:4   | HP: 2/99 [lindwurm/blast of flame[Kirke] (27)]
 23475 | Lair:4   | Slain by Kirke

Levels and vault maps discovered:
D:1:      saegor_arrival_simple_c, layout_loops_ring
D:2:      layout_rooms
D:3:      layout_basic, first_ration
D:4:      layout_gridville, lemuel_coloured_pillars_altar, temple_pool_b,
          uniq_edmund
D:5:      layout_rooms, nemelex_xobeh_ov_fountains_minmay,
          nicolae_overflow_crystal_walls, basic_altar, water_maze_lemuel
D:6:      layout_basic, kennysheep_little_box, trog_ov_bears_minmay,
          gammafunk_temple_overflow_wave
D:7:      layout_cave_pools, good_gods_temple_1, kennysheep_mini_moat,
          basic_altar, kennysheep_generic_room_14
D:8:      layout_rooms, grunt_ogre_cave
D:9:      layout_roguey, old_standard_altar, marbit_many_paths,
          yredelemnul_altar_generic
D:10:     layout_long_grid, enter_trove_3, serial_shops, shop_coins,
          uniq_maurice
D:11:     layout_long_grid, erik_lair_island, orc_david_3, special_room
          [special_room_bee], nicolae_gozag_seed_capital
D:12:     layout_loops_cross, chequers_avenue, minmay_shattered_shrine
D:13:     layout_loops_ring, ebering_ghost_funeral_grove, nrook_pool_corridor,
          hangedman_cracks_in_the_wall
D:14:     layout_rooms, skrybe_vaults_entry_preservation, serial_bayou_pond_d,
          minmay_misc_feat_cross, nicolae_ru_awakened_eye
D:15:     hangedman_slaughterboxes
Temple:   compressed_dpeg_triangle_lava_temple
Lair:1:   layout_hall_layers, ebering_ghost_rock_garden, uniq_sonja
Lair:2:   beast_lair_carwin_large_1, layout_cave_pods, dummy_spider_entry,
          hibernation_bobbens
Lair:3:   layout_chaotic_city, shoals_dummy_entry, lemuel_fruit_tree
Lair:4:   layout_cave_pods, basic_altar, grunt_megastairs_4,
          minmay_lair_oklob_chamber
Lair:5:   layout_cave_pods, minmay_slime_entry_pillars, gauntlet_entry_generic,
          basic_altar, gammafunk_ghost_hydra_chop, uniq_kirke

Skill      XL: |  1  2  3  4  5  6  7  8  9 10 11 12 13 14 15 |
---------------+----------------------------------------------+-----
Long Blades    | 2 3 4 5 6 8 9 11 12 13 | 13.5
Dodging        | 1 2 3 4 6 7 8 9 10 | 10.3
Fighting       | 4 5 6 7 8 9 10 11 12 13 | 13.5
Armour         | 4 5 6 7 8 9 10 11 12 13 | 13.5
Evocations     | 1 3 4 5 |  5.0
Spellcasting   | 2 3 4 5 |  5.0
Hexes          | 2 3 4 5 |  5.0
Shields        | 4 5 6 |  6.6
Stealth        | 2 |  2.6

Action                   |  1- 3 |  4- 6 |  7- 9 | 10-12 | 13-15 || total
-------------------------+-------+-------+-------+-------+-------++-------
Melee: Long sword        |   126 |   210 |   320 |   746 |   515 ||  1917
       Scimitar          |       |       |       |       |   712 ||   712
       Unarmed           |       |       |       |       |    19 ||    19
       Great sword       |       |       |       |       |    11 ||    11
Invok: Curse Item        |       |       |       |     4 |       ||     4
 Abil: Evoke Flight      |       |       |       |     2 |       ||     2
Evoke: Wand              |       |       |       |     9 |     6 ||    15
  Use: Potion            |       |     1 |     1 |     5 |     8 ||    15
       Scroll            |       |     1 |       |     8 |    23 ||    32
 Stab: Confused          |       |       |       |     1 |       ||     1
       Paralysed         |       |       |       |    12 |     2 ||    14
       Petrified         |       |       |       |       |     3 ||     3
       Sleeping          |       |       |       |       |     3 ||     3
       Invisible         |       |       |       |       |     2 ||     2
  Eat: Chunk             |     1 |     5 |     9 |    23 |    30 ||    68
       Ration            |       |     1 |       |       |     2 ||     3
Armor: Scale mail        |    77 |   124 |   228 |    27 |       ||   456
       Steam dragon scal |       |       |       |   305 |   614 ||   919
       Skin              |       |       |       |     4 |       ||     4
Dodge: Dodged            |    43 |    72 |   128 |   361 |   648 ||  1252
Block: Shield            |    71 |   108 |   185 |   223 |   276 ||   863
       Buckler           |       |       |       |       |    78 ||    78
       Rpst.: Long sword |    14 |    24 |    43 |    85 |    52 ||   218
       Scimitar          |       |       |       |       |    82 ||    82
       Great sword       |       |       |       |       |     8 ||     8

Table legend:
 A = Non-vault XP
 B = Vault XP
 C = Vault XP percentage of total XP
 D = Non-vault monster count
 E = Vault monster count
 F = Vault count percentage of total count
                 A         B        C        D         E       F
            +---------+---------+-------+---------+---------+-------
      Total |   56667 |   71026 |  55.6 |     449 |     205 |  31.3
            +---------+---------+-------+---------+---------+-------
        D:1 |      48 |       0 |   0.0 |      23 |       0 |   0.0
        D:2 |      61 |       0 |   0.0 |      17 |       0 |   0.0
        D:3 |     119 |       0 |   0.0 |      20 |       0 |   0.0
        D:4 |     132 |     158 |  54.5 |      11 |       1 |   8.3
        D:5 |     529 |       0 |   0.0 |      10 |       0 |   0.0
        D:6 |    1243 |     249 |  16.7 |      33 |       2 |   5.7
        D:7 |     391 |      43 |   9.9 |      12 |       1 |   7.7
        D:8 |    1307 |     116 |   8.2 |      35 |       1 |   2.8
        D:9 |    1410 |     145 |   9.3 |      33 |       1 |   2.9
       D:10 |    2539 |     199 |   7.3 |      24 |       1 |   4.0
       D:11 |    6718 |    3454 |  34.0 |      38 |      40 |  51.3
       D:12 |    3864 |    2945 |  43.3 |      33 |      12 |  26.7
       D:13 |   10950 |    4754 |  30.3 |      51 |      16 |  23.9
       D:14 |   10361 |    4246 |  29.1 |      43 |       9 |  17.3
       D:15 |       0 |   43032 | 100.0 |       0 |      83 | 100.0
     Lair:1 |    5203 |    1811 |  25.8 |      21 |       2 |   8.7
     Lair:2 |    1134 |    1939 |  63.1 |       5 |       9 |  64.3
     Lair:3 |    6121 |       0 |   0.0 |      20 |       0 |   0.0
     Lair:4 |    3808 |    2131 |  35.9 |      17 |       8 |  32.0
     Lair:5 |     729 |    1047 |  59.0 |       3 |       6 |  66.7
   Gauntlet |       0 |    4757 | 100.0 |       0 |      13 | 100.0
            +---------+---------+-------+---------+---------+-------
